 Dungeon Crawl Stone Soup version 0.29-a0-362-g5854e031c7 (webtiles) character file.

Game seed: 3454370091541932283

666 snetch the Chopper (level 7, -1/55 (62) HPs)
             Began as a Minotaur Berserker on Apr 29, 2022.
             Was a Priest of Trog.
             Slain by Maggie
             ... wielding a +1 glaive of draining
              (9 damage)
             ... on level 6 of the Dungeon.
             The game lasted 00:12:46 (3986 turns).

snetch the Chopper (Minotaur Berserker)             Turns: 3986, Time: 00:12:46

HP:   -1/55 (62)    AC: 12    Str: 26    XL:     7   Next: 31%
MP:   6/6           EV:  9    Int:  4    God:    Trog [***...]
Gold: 222           SH:  8    Dex: 10    Spells: 6/6 levels left

rFire   . . .      SeeInvis .   a - +4 flail (drain)
rCold   + . .      Faith    .   w - +2 kite shield {AC+3}
rNeg    . . .      Spirit   .   m - +0 scale mail
rPois   .          Reflect  .   (helmet restricted)
rElec   .          Harm     .   (no cloak)
rCorr   .          Rampage  .   q - +0 pair of gloves
Will    .....                   l - +0 pair of boots of the Bouncing Realms {rC+ Str+3}
Stlth   ..........              k - amulet of the acrobat
HPRegen 0.18/turn               (no ring)
MPRegen 0.10/turn               (no ring)

@: mesmerised, heavily drained
A: horns 2, retaliatory headbutt
a: Renounce Religion, Berserk, Trog's Hand


You were on level 6 of the Dungeon.
You worshipped Trog.
Trog was most pleased with you.
You visited 1 branch of the dungeon, and saw 6 of its levels.

You collected 222 gold pieces.

Inventory:

Hand Weapons
 a - a +4 flail of draining (weapon)
 b - a +2 vampiric trident
 c - a +0 hand axe
Missiles
 d - 4 poisoned darts (quivered)
 n - 71 stones
 s - 2 atropa-tipped darts
Armour
 l - the +0 pair of boots of the Bouncing Realms (worn) {rC+ Str+3}
   (You found it on level 4 of the Dungeon)

   Str:       It affects your strength (+3).
   rC:        It protects you from cold.
 m - a +0 scale mail (worn)
 q - a +0 pair of gloves (worn)
 w - a +2 kite shield of protection (worn)
Jewellery
 k - an amulet of the acrobat (around neck)
 t - an amulet of magic regeneration
Wands
 u - a wand of mindburst (13)
Scrolls
 f - a scroll of brand weapon
 h - a scroll of vulnerability {unknown}
 j - a scroll of enchant armour
 o - 2 scrolls of teleportation
 p - 2 scrolls of torment
 v - 4 scrolls of immolation {unknown}
 x - a scroll of blinking {unknown}
Potions
 e - a potion of degeneration {unknown}
 g - 4 potions of curing {unknown}
 i - a potion of invisibility
 r - 3 potions of heal wounds


   Skills:
 + Level 5.7 Fighting
 + Level 6.1(6.6) Axes
 + Level 3.6(5.4) Polearms
 + Level 1.4 Throwing
 + Level 4.1 Armour
 + Level 3.8 Dodging
 + Level 0.7 Stealth
 + Level 0.5 Shields


You had 6 spell levels left.
You didn't know any spells.
Your spell library was empty.

Dungeon Overview and Level Annotations

Branches:
Dungeon (6/15)
 Temple: D:4-7

Altars:
Okawaru
Uskayaw

Portals:
Ossuary: D:6

Annotations:
D:6 Maggie


Innate Abilities, Weirdness & Mutations

You have a pair of horns on your head.
You reflexively headbutt those who attack you in melee.


Message History

a +4 flail of draining; a +0 dagger; an orc corpse
y - a +4 flail of draining Adjust to which letter? (? for menu, Esc to quit)
c - a +4 flail of draining;
y - a +0 flail You drop a +0 flail.
Adjust to which letter? (? for menu, Esc to quit)
a - a +4 flail of draining;
c - a +0 hand axe You feel the dreadful sensation subside.
You sense an unholy aura.
a - a +4 flail of draining (weapon)
Things that are here:
a +0 dagger; an orc corpse
Things that are here:
a +0 dagger; a +0 robe; an orc corpse You now have 222 gold pieces (gained 9).
Found 19 gold pieces and a twisted brass wand.
Found 15 stones.
Maggie the Vainglorious comes into view.
She is wielding a +1 glaive of draining and carrying a wand of flame (21).
Maggie shouts!
Maggie mumbles some strange words.
Maggie attempts to bespell you!
You are mesmerised by Maggie!
Found a sand-covered staircase.
Maggie casts a spell at you. The bolt of fire misses you.
Found a mace.
You see here 13 gold pieces.
Maggie zaps a wand.
The puff of flame hits you but does no damage.
Maggie misses you.
You sock Maggie! You headbutt Maggie!
Maggie is moderately wounded.
Maggie gestures at you while chanting. The bolt of fire hits you!!
Ouch! That really hurt!
* * * LOW HITPOINT WARNING * * *
You sock Maggie!
Maggie is heavily wounded.
Maggie hits you with a +1 glaive of draining!
You die...

##.....##............
.....##............
######.............
#.............
#####.............
#.................
#.####.$.........
#..........
#..@.......
.....$..@..../.
..#.(#.........
#...#..#######
...∩....# ......).#
... ##..# ...#


You could see Maggie (mesmerising).

Vanquished Creatures
  2 ice beasts
  A gnoll sergeant (D:4)
  A necrophage (D:4)
  A scorpion (D:5)
  An orc wizard (D:6)
  Robin (D:2)
  6 adders
  6 gnolls
  2 shadow imps
  A white imp (D:5)
  3 worms (D:2)
  9 dart slugs
  8 orcs
  4 ball pythons
  5 bats
  7 endoplasms
  4 giant cockroaches
  13 goblins
  10 hobgoblins
  5 jackals
  6 kobolds
  7 frilled lizards
  11 rats
114 creatures vanquished.

Vanquished Creatures (others)
  4 plants (D:1)
4 creatures vanquished.

Grand Total: 118 creatures vanquished

Notes
Turn   | Place    | Note
-------+----------+-------------------------------------------
     0 | D:1      | snetch the Minotaur Berserker began the quest for the Orb.
     0 | D:1      | Reached XP level 1. HP: 19/19 MP: 0/0
   192 | D:2      | Reached skill level 4 in Axes
   193 | D:2      | Noticed Robin
   195 | D:2      | Reached XP level 2. HP: 24/27 MP: 1/1
   522 | D:2      | Killed Robin
   523 | D:2      | Reached XP level 3. HP: 30/34 MP: 2/2
  1106 | D:1      | Reached ** piety under Trog
  1253 | D:1      | Reached XP level 4. HP: 20/41 MP: 3/3
  1571 | D:1      | Found a faded altar of an unknown god.
  2170 | D:2      | Found a hide-covered altar of Uskayaw.
  2257 | D:3      | Reached skill level 5 in Axes
  2361 | D:4      | Noticed a gnoll sergeant
  2362 | D:4      | Noticed a necrophage
  2366 | D:4      | Reached XP level 5. HP: 47/47 MP: 4/4
  2369 | D:4      | Reached skill level 5 in Fighting
  2369 | D:4      | Reached skill level 1 in Throwing
  2375 | D:4      | Reached XP level 6. HP: 56/56 MP: 5/5
  3210 | D:4      | Found an iron altar of Okawaru.
  3278 | D:5      | Entered Level 5 of the Dungeon
  3289 | D:5      | Reached skill level 6 in Axes
  3289 | D:5      | Reached skill level 1 in Polearms
  3375 | D:5      | Noticed an ice beast
  3382 | D:5      | Killed an ice beast
  3436 | D:4      | Identified the +0 pair of boots of the Bouncing Realms {rC+
                  | Str+3}
  3436 | D:4      | Noticed an ice beast
  3446 | D:4      | Killed an ice beast
  3447 | D:4      | Reached XP level 7. HP: 61/61 MP: 6/6
  3488 | D:4      | Reached *** piety under Trog
  3979 | D:6      | Noticed Maggie
  3981 | D:6      | Found a sand-covered staircase.
  3986 | D:6      | Slain by Maggie

Illustrated notes

Levels and vault maps discovered:
D:1:      nicolae_arrival_somewhat_less_tricky_arrival, layout_basic,
          shapermc_ecumenical_altar_ellora, minmay_small_reverse_x
D:2:      layout_rooms, basic_altar, uniq_robin
D:3:      layout_rooms
D:4:      layout_cave_pools, okawaru_gym_becter, serial_co_window_serial,
          co_window_paths_a, co_window_of_opportunity_a, co_window_paths_a,
          co_window_paths_a, co_window_paths_a, co_window_of_opportunity_b,
          co_window_broadway_b, co_window_2corner, co_window_4corner_a,
          co_window_paths_e, glass_columns_b, glass_columns_b, kennysheep_nub,
          kennysheep_generic_room_11
D:5:      layout_loops_ring, grunt_ministairs_8, chequers_jeans, uniq_pikel
D:6:      layout_basic, gammafunk_temple_overflow_statue,
          nemelex_xobeh_ov_fountains_minmay, elyvilon_altar_4,
          nicolae_ossuary_entry_ruins, uniq_maggie

Skill      XL: |  1  2  3  4  5  6  7 |
---------------+----------------------+-----
Axes           | 4 5 6 |  6.1
Fighting       | 4 5 |  5.7
Dodging        | 3 |  3.8
Throwing       | 1 |  1.4
Armour         | 3 4 |  4.1
Polearms       | 2 3 |  3.6
Stealth        | |  0.7
Shields        | |  0.5

Action                   |  1- 3 |  4- 6 |  7- 9 || total
-------------------------+-------+-------+-------++-------
Melee: Hand axe          |    74 |    77 |       ||   151
       Headbutt          |    11 |    17 |     3 ||    31
       Trident           |       |    45 |    37 ||    82
       Flail             |       |       |     2 ||     2
Throw: Stone             |    31 |    14 |       ||    45
       Dart              |       |     2 |       ||     2
Invok: Berserk           |     2 |     1 |       ||     3
  Use: Scroll            |       |     8 |       ||     8
Armor: Animal skin       |    14 |       |       ||    14
       Scale mail        |       |    45 |    18 ||    63
Dodge: Dodged            |    55 |    79 |    18 ||   152
Block: Kite shield       |       |    20 |    23 ||    43

Table legend: (Time is in decaauts)
 A = Elapsed time spent in this place.
 B = Non-inter-level travel time spent in this place.
 C = Inter-level travel time spent in this place.
 D = Time resting spent in this place.
 E = Time spent auto-exploring this place.
 F = Levels seen in this place.
 G = Mean time per level.
                   A        B        C        D        E       F      G
               +--------+--------+--------+--------+--------+-----+--------+
         Total |   4063 |   3933 |    130 |    300 |   2336 |   6 |  677.2 |
       Dungeon |   4063 |   3933 |    130 |    300 |   2336 |   6 |  677.2 |
               +--------+--------+--------+--------+--------+-----+--------+

Top non-repeatable levels by time:
     D:1: 1619 daAuts
     D:4: 980 daAuts
     D:2: 716 daAuts
     D:3: 496 daAuts
     D:5: 151 daAuts
     D:6: 99 daAuts
